 Dungeon Crawl Stone Soup version 0.24-a0-497-g5a03d68f59 (webtiles) character file.

Game seed: 18152750703790081038

3841 MirrMurr the Thaumaturge (level 10, -5/73 HPs)
             Began as a Gnoll Wizard on July 13, 2019.
             Was a Priest of Cheibriados.
             Shot with an arrow by a centaur warrior (8 damage)
             ... on level 9 of the Dungeon.
             The game lasted 00:27:47 (9541 turns).

MirrMurr the Thaumaturge (Gnoll Wizard)             Turns: 9541, Time: 00:27:48

Health: -5/73      AC: 10    Str: 18    XL:     10   Next: 18%
Magic:  9/22       EV: 15    Int: 32    God:    Cheibriados [***...]
Gold:   277        SH: 10    Dex: 21    Spells: 9/26 levels left

rFire    . . .     SeeInvis .   a - +0 dagger (venom)
rCold    . . .     Gourm    .   E - +0 shield
rNeg     . . .     Faith    .   i - +0 leather armour
rPois    +         Spirit   .   f - +0 hat
rElec    .         Reflect  .   (no cloak)
rCorr    .         Harm     .   s - +2 pair of gloves
MR       .....                  C - +2 pair of boots
Stlth    +++++.....             (no amulet)
HPRegen  0.22/turn              q - ring of poison resistance
MPRegen  0.18/turn              B - ring of stealth

@: slowed, very slow
A: distributed training, fangs 1, strong nose
a: Bend Time, Temporal Distortion, Renounce Religion


You were on level 9 of the Dungeon.
You worshipped Cheibriados.
Cheibriados was most pleased with you.
You were not hungry.

You visited 2 branches of the dungeon, and saw 10 of its levels.

You collected 277 gold pieces.

Inventory:

Hand Weapons
 a - a +0 dagger of venom (weapon)
 b - a +0 hunting sling
 m - a +2 morningstar of protection
 u - a +1 broad axe
 v - a +2 dagger of draining
 w - a +0 trident
Missiles
 d - a throwing net {!f}
 e - 33 sling bullets
 j - 130 stones (quivered)
 A - 7 curare-tipped darts
Armour
 f - a +0 hat (worn)
 h - a +0 robe
 i - a +0 leather armour (worn)
 s - a +2 pair of gloves (worn)
 C - a +2 pair of boots (worn)
 E - a +0 shield (worn)
Jewellery
 q - a ring of poison resistance (left hand)
 B - a ring of stealth (right hand)
Wands
 y - a wand of scattershot (4)
 H - a wand of paralysis (6)
 I - a wand of flame (5)
Scrolls
 l - 3 scrolls of teleportation
 r - 8 scrolls of remove curse
 t - a scroll of fog
 D - a scroll of blinking
Potions
 g - 2 potions of heal wounds
 k - 2 potions of curing
 n - a potion of brilliance
 o - a potion of flight {unknown}
 p - a potion of haste {unknown}
 z - 2 potions of lignification {unknown}
Comestibles
 c - 12 rations


   Skills:
 + Level 4.9 Fighting
 + Level 4.9 Short Blades
 + Level 4.9 Long Blades
 + Level 4.9 Axes
 + Level 4.9 Maces & Flails
 + Level 4.9 Polearms
 + Level 4.9 Staves
 + Level 4.9 Slings
 + Level 4.9 Bows
 + Level 4.9 Crossbows
 + Level 4.9 Throwing
 + Level 4.9 Armour
 + Level 6.8 Dodging
 + Level 6.5 Stealth
 + Level 4.9 Shields
 + Level 4.9 Unarmed Combat
 + Level 8.8 Spellcasting
 + Level 4.6 Conjurations
 + Level 4.1 Hexes
 + Level 4.1 Charms
 + Level 4.6 Summonings
 + Level 4.1 Necromancy
 + Level 4.6 Translocations
 + Level 4.1 Transmutations
 + Level 4.1 Fire Magic
 + Level 4.1 Ice Magic
 + Level 4.1 Air Magic
 + Level 4.1 Earth Magic
 + Level 4.1 Poison Magic
 + Level 5.4 Invocations
 + Level 4.9 Evocations


You had 9 spell levels left.
You knew the following spells:

 Your Spells              Type           Power        Failure   Level  Hunger
a - Magic Dart            Conj           ####         2%          1    None
b - Call Imp              Summ           #####...     3%          2    None
c - Conjure Flame         Conj/Fire      #####...     8%          3    None
d - Tukima's Dance        Hex            #####...     9%          3    None
e - Confusing Touch       Hex            #####.       2%          1    None
f - Animate Skeleton      Necr           N/A          2%          1    None
m - Mephitic Cloud        Conj/Pois/Air  #####...     8%          3    None
A - Apportation           Tloc           #####.       2%          1    None
B - Blink                 Tloc           N/A          3%          2    None

Your spell library contained the following spells:

 Spells                   Type           Power        Failure   Level  Hunger
 Corona                   Hex            #####..      2%          1    None
 Summon Small Mammal      Summ           ####         2%          1    None
 Ensorcelled Hibernation  Hex/Ice        #####.       4%          2    None
 Slow                     Hex            #####...     4%          2    None
 Dazzling Spray           Conj/Hex       #####.       8%          3    None
 Confuse                  Hex            #####...     9%          3    None


Dungeon Overview and Level Annotations

Branches:
Dungeon (9/15)             Temple (1/1) D:5            Lair (0/6) D:8
    Orc: D:9-12

Altars:
Ashenzari
Cheibriados
Dithmenos
Elyvilon
Fedhas
Hepliaklqana
Kikubaaqudgha
Nemelex Xobeh
Ru
Sif Muna
Vehumet
Xom
Zin

Shops:
D:6 *   D:7 (   D:9 }

Annotations:
D:6 3 runed translucent doors, ivs's ghost, novice MiMo


Innate Abilities, Weirdness & Mutations

Your experience applies equally to all skills.
You have very sharp teeth.
Your uncanny sense of smell can sniff out nearby items.


Message History

The steam dragon bites you but does no damage.
You block the steam dragon's attack.
The centaur warrior unwields a +3 quarterstaff of protection.
The centaur warrior wields a +0 longbow.
The centaur warrior shoots an arrow.
The arrow barely misses you. The steam dragon misses you.
The steam dragon claws you but does no damage.
A centaur comes into view.
Unknown command.
You can feel time thicken for a moment.
You kill the steam dragon!
Cheibriados appreciates the change of pace.
The steam dragon scales are intact enough to wear.
You kill the centaur!
Cheibriados thoroughly appreciates the change of pace.
You feel somewhat more hungry.
You can no longer inflict damage on those overly hasty.
Cheibriados lowers the support of your attributes as your movement quickens.
The centaur warrior shoots an arrow.
The arrow hits you!
You die...

......#....# .....8#....# ∆
.#....#....#################
.#.8.∩.8...#.................
.#.........#.................
.#...8.....#.......(.........
.#.........#(................
.#.........#................
.#######...###..@[.#.....#####
.#...........#§.......>)......
.............§.§...c......D...
##.#########.#########)#####.
###..## #...))..§.#
##.##..###(#.#####.#
#...##..##.#...((..#
#....###.#.###.#.#
##...##.......#.#..


You could see a centaur warrior.

Vanquished Creatures
  Erica (D:9)
  Maurice (D:9)
  A steam dragon (D:9)
  A black bear (D:7)
  An orc warrior (D:7)
  2 ice beasts
  A sky beast (D:8)
  2 phantoms
  3 centaurs
  3 bullfrogs
  6 scorpions
  A wight (D:9)
  4 crimson imps
  A bullfrog zombie (D:8)
  2 hounds
  3 jellies
  A centaur skeleton (D:5)
  A bullfrog skeleton (D:8)
  3 orc priests
  An iguana (D:7)
  6 orc wizards
  3 worker ants
  A hound zombie (D:6)
  A hound skeleton (D:4)
  8 gnolls
  5 adders
  2 shadow imps
  2 adder skeletons
  3 worms
  A dart slug (D:4)
  4 leopard geckos
  27 orcs
  9 bats
  5 giant cockroaches
  4 goblins
  6 hobgoblins
  10 jackals
  8 kobolds
  A quokka (D:5)
  4 frilled lizards
  2 leopard gecko skeletons (D:4)
  2 quokka skeletons
  6 rats
159 creatures vanquished.

Vanquished Creatures (collateral kills)
  A two-headed ogre (D:5)
1 creature vanquished.

Grand Total: 160 creatures vanquished

Notes
Turn   | Place    | Note
-------+----------+-------------------------------------------
     0 | D:1      | MirrMurr the Gnoll Wizard began the quest for the Orb.
     0 | D:1      | Reached XP level 1. HP: 13/13 MP: 8/8
   409 | D:1      | Reached XP level 2. HP: 19/19 MP: 5/10
   451 | D:1      | Learned a level 2 spell: Blink
   454 | D:1      | Learned a level 2 spell: Call Imp
   635 | D:1      | Reached XP level 3. HP: 25/25 MP: 8/11
   640 | D:1      | Learned a level 3 spell: Conjure Flame
   644 | D:1      | Learned a level 3 spell: Mephitic Cloud
  1130 | D:2      | Reached skill level 1 in Invocations
  1215 | D:2      | Found a snail-covered altar of Cheibriados.
  1258 | D:2      | Became a worshipper of Cheibriados the Contemplative
  1429 | D:2      | Reached skill level 1 in Fighting
  1429 | D:2      | Reached skill level 1 in Short Blades
  1429 | D:2      | Reached skill level 1 in Long Blades
  1429 | D:2      | Reached skill level 1 in Axes
  1429 | D:2      | Reached skill level 1 in Maces & Flails
  1429 | D:2      | Reached skill level 1 in Polearms
  1429 | D:2      | Reached skill level 1 in Staves
  1429 | D:2      | Reached skill level 1 in Slings
  1429 | D:2      | Reached skill level 1 in Bows
  1429 | D:2      | Reached skill level 1 in Crossbows
  1429 | D:2      | Reached skill level 1 in Throwing
  1429 | D:2      | Reached skill level 1 in Armour
  1429 | D:2      | Reached skill level 1 in Shields
  1429 | D:2      | Reached skill level 1 in Unarmed Combat
  1429 | D:2      | Reached skill level 1 in Evocations
  1600 | D:2      | Found a white marble altar of Elyvilon.
  1866 | D:3      | Found a sparkling altar of Nemelex Xobeh.
  1871 | D:3      | Reached XP level 4. HP: 32/32 MP: 10/13
  1880 | D:3      | Reached * piety under Cheibriados
  2003 | D:3      | Found a sacrificial altar of Ru.
  2072 | D:3      | Reached skill level 1 in Hexes
  2072 | D:3      | Reached skill level 1 in Charms
  2072 | D:3      | Reached skill level 1 in Necromancy
  2072 | D:3      | Reached skill level 1 in Transmutations
  2072 | D:3      | Reached skill level 1 in Fire Magic
  2072 | D:3      | Reached skill level 1 in Ice Magic
  2072 | D:3      | Reached skill level 1 in Air Magic
  2072 | D:3      | Reached skill level 1 in Earth Magic
  2072 | D:3      | Reached skill level 1 in Poison Magic
  2072 | D:3      | Reached XP level 5. HP: 29/37 MP: 7/14
  2324 | D:3      | Found a shadowy altar of Dithmenos.
  2324 | D:3      | Found a shattered altar of Ashenzari.
  2325 | D:3      | Found a glowing silver altar of Zin.
  2325 | D:3      | Found a hazy altar of Hepliaklqana.
  3030 | D:4      | Noticed a phantom
  3163 | D:4      | Reached XP level 6. HP: 26/44 MP: 16/16
  3371 | D:4      | Learned a level 3 spell: Tukima's Dance
  3790 | D:4      | Killed a phantom
  3790 | D:4      | Reached skill level 5 in Dodging
  4008 | D:4      | Reached ** piety under Cheibriados
  4515 | D:5      | Entered Level 5 of the Dungeon
  4633 | D:5      | Reached XP level 7. HP: 35/50 MP: 13/18
  5242 | D:5      | Found an ancient bone altar of Kikubaaqudgha.
  5255 | D:5      | Found a staircase to the Ecumenical Temple.
  5265 | Temple   | Entered the Ecumenical Temple
  5362 | D:5      | Noticed a two-headed ogre
  5376 | D:5      | Killed a two-headed ogre
  5376 | D:5      | Reached skill level 5 in Stealth
  5376 | D:5      | Reached XP level 8. HP: 20/58 MP: 4/19
  6003 | D:6      | Reached *** piety under Cheibriados
  6134 | D:6      | Found Aviygen's Assorted Antiques.
  6554 | D:6      | Reached skill level 8 in Spellcasting
  6696 | D:6      | Found a shimmering altar of Xom.
  6756 | D:6      | Found a runed translucent gate.
  6756 | D:6      | Found a runed translucent gate.
  6756 | D:6      | Found a runed translucent gate.
  6972 | D:6      | Noticed ivs's ghost (novice MiMo)
  7497 | D:7      | Found Hogitwor's Weapon Boutique.
  7540 | D:7      | Reached XP level 9. HP: 65/65 MP: 15/21
  7837 | D:7      | Learned a level 1 spell: Confusing Touch
  7839 | D:7      | Learned a level 1 spell: Apportation
  7841 | D:7      | Learned a level 1 spell: Animate Skeleton
  8354 | D:8      | Found a deep blue altar of Sif Muna.
  8729 | D:8      | Found a radiant altar of Vehumet.
  8912 | D:8      | Found a blossoming altar of Fedhas.
  9040 | D:8      | Found a staircase to the Lair.
  9145 | D:9      | Found Pamp's Gadget Emporium.
  9177 | D:9      | Reached **** piety under Cheibriados
  9478 | D:9      | Noticed Erica
  9479 | D:9      | Noticed Maurice
  9521 | D:9      | Killed Maurice
  9521 | D:9      | Reached skill level 5 in Invocations
  9526 | D:9      | Killed Erica
  9526 | D:9      | Reached XP level 10. HP: 22/73 MP: 14/22
  9539 | D:9      | Noticed a centaur warrior
  9539 | D:9      | HP: 2/73 [steam dragon/ball of steam (19)]
  9541 | D:9      | Shot with an arrow by a centaur warrior

Levels and vault maps discovered:
D:1:      dpeg_arrival_orchard, layout_basic
D:2:      layout_basic, cheibriados_altar_1, lemuel_crystal_altar, first_ration,
          minmay_misc_feat_chi, minmay_door_square
D:3:      layout_loops_ring, nemelex_xobeh_ov_fountains_minmay,
          grunt_temple_overflow_cloverleaf, nicolae_ru_sacrificial_ziggurat
D:4:      layout_basic, dk_noncrumbling_2, nrook_mini_vaults,
          minmay_misc_feat_five, corexii_corridor_pit
D:5:      layout_loops_cross, lemuel_crystal_altar,
          minmay_temple_entry_purple_smoke
D:6:      layout_loops_corners, lemuel_round_altar, serial_shops, shop,
          gammafunk_ghost_icy
D:7:      layout_basic, serial_shops, nicolae_shop_trees
D:8:      layout_basic, fedhas_ov_isle_minmay, lemuel_round_altar,
          vehumet_altar_wand_db, lair_entry_dummy
D:9:      minmay_the_grid_3x3 [minmay_the_grid_rooms, minmay_the_grid_expand,
          minmay_the_grid_gridbox, minmay_the_grid_zigzags,
          minmay_the_grid_medium_cups, minmay_the_grid_holed_spiral,
          minmay_the_grid_empty, minmay_the_grid_minigrid_large,
          minmay_the_grid_prize_trominoes], layout_grid_maze,
          nicolae_overflow_crystal_walls, serial_shops,
          nicolae_shop_statue_plus, uniq_erica, uniq_maurice
Temple:   grunt_temple_mini_profane

Skill      XL: |  1  2  3  4  5  6  7  8  9 |
---------------+----------------------------+-----
Conjurations   | 2 3 4 |  4.6
Summonings     | 2 3 4 |  4.6
Translocations | 2 3 4 |  4.6
Invocations    | 1 2 3 4 5 |  5.4
Fighting       | 1 2 3 4 |  4.9
Short Blades   | 1 2 3 4 |  4.9
Long Blades    | 1 2 3 4 |  4.9
Axes           | 1 2 3 4 |  4.9
Maces & Flails | 1 2 3 4 |  4.9
Polearms       | 1 2 3 4 |  4.9
Staves         | 1 2 3 4 |  4.9
Slings         | 1 2 3 4 |  4.9
Bows           | 1 2 3 4 |  4.9
Crossbows      | 1 2 3 4 |  4.9
Throwing       | 1 2 3 4 |  4.9
Armour         | 1 2 3 4 |  4.9
Shields        | 1 2 3 4 |  4.9
Unarmed Combat | 1 2 3 4 |  4.9
Evocations     | 1 2 3 4 |  4.9
Hexes          | 1 2 3 4 |  4.1
Charms         | 1 2 3 4 |  4.1
Necromancy     | 1 2 3 4 |  4.1
Transmutations | 1 2 3 4 |  4.1
Fire Magic     | 1 2 3 4 |  4.1
Ice Magic      | 1 2 3 4 |  4.1
Air Magic      | 1 2 3 4 |  4.1
Earth Magic    | 1 2 3 4 |  4.1
Poison Magic   | 1 2 3 4 |  4.1
Dodging        | 5 6 |  6.8
Stealth        | 5 6 |  6.5
Spellcasting   | 8 |  8.8

Action                   |  1- 3 |  4- 6 |  7- 9 | 10-12 || total
-------------------------+-------+-------+-------+-------++-------
Melee: Dagger            |    22 |    57 |   178 |       ||   257
       Bite              |       |     4 |    26 |       ||    30
       Trident           |       |       |    20 |       ||    20
       Unarmed           |       |       |    17 |       ||    17
       Punch             |       |       |     1 |       ||     1
 Fire: Hunting sling     |       |       |    23 |       ||    23
 Cast: Magic Dart        |    63 |    89 |   202 |     3 ||   357
       Conjure Flame     |       |     1 |    16 |       ||    17
       Blink             |       |       |     3 |     1 ||     4
       Tukima's Dance    |       |       |     2 |       ||     2
       Mephitic Cloud    |       |       |     9 |       ||     9
Invok: Slouch            |       |       |       |     1 ||     1
Evoke: Wand              |       |       |     5 |     2 ||     7
  Use: Scroll            |     1 |     9 |     6 |       ||    16
       Potion            |       |       |     1 |     1 ||     2
 Stab: Sleeping          |     1 |     3 |     2 |       ||     6
       Confused          |       |       |     1 |       ||     1
  Eat: Chunk             |     2 |     4 |     8 |       ||    14
Armor: Leather armour    |     6 |     6 |    39 |     2 ||    53
Dodge: Dodged            |    11 |    35 |   115 |     3 ||   164
Block: Shield            |       |       |    37 |     1 ||    38

Table legend:
 A = Non-vault XP
 B = Vault XP
 C = Vault XP percentage of total XP
 D = Non-vault monster count
 E = Vault monster count
 F = Vault count percentage of total count
                 A         B        C        D         E       F
            +---------+---------+-------+---------+---------+-------
      Total |    4083 |    1405 |  25.6 |     153 |       7 |   4.4
            +---------+---------+-------+---------+---------+-------
        D:1 |      36 |       0 |   0.0 |      13 |       0 |   0.0
        D:2 |      49 |       0 |   0.0 |      24 |       0 |   0.0
        D:3 |     195 |       0 |   0.0 |      24 |       0 |   0.0
        D:4 |     305 |       0 |   0.0 |      13 |       0 |   0.0
        D:5 |     851 |       0 |   0.0 |      25 |       0 |   0.0
        D:6 |     658 |       0 |   0.0 |      21 |       0 |   0.0
        D:7 |     529 |       0 |   0.0 |       8 |       0 |   0.0
        D:8 |     960 |       2 |   0.2 |      19 |       1 |   5.0
        D:9 |     500 |    1403 |  73.7 |       6 |       6 |  50.0
            +---------+---------+-------+---------+---------+-------
